AoeStats
← Jimbo990

Black Forest

519172602Analyzed
4v4 RM · 10d ago on Nov 6, 2026· 83m 35s· 8 players
Game mode
Random Map
Map size
Large (8 player)
Population
200
Speed
Normal
Resources
Standard
Victory
Conquest
Starting age
Dark Age
Ending age
Imperial Age
RankedLock teamsTeams togetherTeam positionsShared explorationLock speedFull tech treeHidden civsTurbo modeCheats
Victory
Defeat
🇹🇷 Hindustanis · Türkiye
632
+14
🇬🇧 Persians · United Kingdom
625
+14
🇨🇭 Teutons · Switzerland
585
+15
🇯🇴 Burgundians · Jordan
411
+22
vs
🇪🇸 Koreans · Spain
614
-18
🇹🇷 Turks · Türkiye
601
-17
🇹🇷 Goths · Türkiye
532
-15
🇬🇷 Byzantines · Greece
517
-15
Machiavelli's Apprentice
0:47 Loom
11:34 Feudal Age
17:39 Double-Bit Axe
21:22 Horse Collar
24:54 Castle Age
23:58 Gold Mining
23:59 Stone Mining
27:47 Bow Saw
28:09 Heavy Plow
30:48 Anarchy
35:33 Stone Shaft Mining
36:42 Wheelbarrow
39:55 Scale Mail Armor
40:05 Forging
44:10 Imperial Age
42:39 Pikeman
44:09 Caravan
45:01 Heavy Scorpion
47:50 Chemistry
55:43 Cavalier
59:08 Scale Barding Armor
62:47 Perfusion
WAR_LORD
16:44 Feudal Age
18:40 Horse Collar
18:52 Double-Bit Axe
21:01 Gold Mining
21:04 Stone Mining
26:17 Castle Age
28:07 Bow Saw
28:45 Wheelbarrow
27:58 Town Watch
29:59 Stone Shaft Mining
30:02 Gold Shaft Mining
29:40 Arson
31:56 Squires
32:36 Heavy Plow
32:49 Pikeman
33:53 Eupseong
33:59 Eupseong
34:25 Hand Cart
39:07 Imperial Age
36:40 Town Patrol
36:30 Loom
36:54 Scale Mail Armor
37:40 Forging
40:02 Chain Mail Armor
40:23 Iron Casting
41:24 Conscription
42:55 Two-Man Saw
42:28 Plate Mail Armor
41:49 Fletching
42:11 Thumb Ring
42:36 Guilds
42:51 Elite Skirmisher
44:41 Chemistry
44:02 Ballistics
46:08 Elite Fire Lancer
48:15 Caravan
48:22 Heavy Cavalry Archer
49:46 Heavy Rocket Cart
Pain
0:46 Loom
14:40 Feudal Age
16:17 Double-Bit Axe
16:20 Horse Collar
19:20 Gold Mining
19:22 Stone Mining
24:42 Castle Age
23:56 Man-at-Arms
24:21 Arson
24:57 Forging
24:53 Scale Barding Armor
24:51 Padded Archer Armor
24:55 Scale Mail Armor
24:45 Fletching
26:54 Stone Shaft Mining
26:58 Gold Shaft Mining
26:48 Heavy Plow
28:14 Bow Saw
35:21 Caravan
35:45 Chain Barding Armor
36:01 Iron Casting
35:48 Gambesons
43:05 Imperial Age
42:50 Chain Mail Armor
44:25 Crop Rotation
45:01 Two-Man Saw
44:12 Murder Holes
44:29 Fortified Wall
44:17 Murder Holes
44:14 Treadmill Crane
44:57 Ballistics
45:40 Chemistry
44:32 Guard Tower
45:50 Arrowslits
46:48 Wheelbarrow
48:11 Husbandry
47:33 Light Cavalry
47:33 Cavalier
47:33 Heavy Camel Rider
47:45 Elite Varangian Guard
48:27 Squires
50:11 Hoardings
50:00 Conscription
50:15 Hoardings
50:10 Hussar
52:22 Bombard Tower
53:29 Pikeman
55:44 Elite Cataphract
57:24 Logistica
feroo1r53
21:35 Feudal Age
22:33 Gold Mining
22:33 Stone Mining
22:30 Double-Bit Axe
22:28 Horse Collar
22:50 Stone Mining
26:59 Castle Age
28:09 Heavy Plow
28:46 Gold Shaft Mining
28:52 Bow Saw
33:32 Wheelbarrow
34:25 Caravan
34:56 Coinage
37:56 Husbandry
38:14 Scale Barding Armor
38:20 Forging
40:46 Imperial Age
38:34 Hand Cart
39:18 Chain Barding Armor
40:48 Cavalier
42:13 Plate Barding Armor
42:17 Iron Casting
44:30 Two-Man Saw
45:59 Blast Furnace
47:12 Bloodlines
47:51 Elite Janissary
50:10 Banking
52:16 Conscription
Jimbo990
6:44 Loom
14:19 Feudal Age
21:36 Castle Age
23:32 Double-Bit Axe
27:39 Gold Mining
27:45 Town Watch
27:44 Horse Collar
28:27 Bow Saw
29:27 Heavy Plow
35:10 Imperial Age
33:06 Ballistics
33:40 Murder Holes
33:37 Fletching
34:55 Caravan
36:47 Wheelbarrow
36:22 Scale Mail Armor
37:23 Pikeman
39:21 Husbandry
39:32 Bloodlines
39:55 Cavalier
41:16 Hoardings
41:32 Citadels
42:23 Heavy Scorpion
43:40 Savar
55:29 Chemistry
54:37 Scale Barding Armor
63:35 Halberdier
69:09 Sappers
70:00 Conscription
69:58 Forging
JANTY
12:18 Feudal Age
13:40 Wheelbarrow
12:52 Horse Collar
13:36 Double-Bit Axe
15:05 Town Watch
33:58 Castle Age
33:03 Gold Mining
33:04 Stone Mining
33:52 Bloodlines
34:22 Loom
34:55 Hand Cart
36:00 Squires
35:22 Pikeman
35:49 Arson
36:25 Caravan
35:51 Elite Skirmisher
36:52 Forging
36:44 Scale Mail Armor
36:51 Scale Barding Armor
36:37 Fletching
36:48 Padded Archer Armor
36:55 Heavy Plow
38:00 Grand Trunk Road
40:04 Bow Saw
40:45 Gold Shaft Mining
40:47 Stone Shaft Mining
40:25 Husbandry
44:47 Imperial Age
44:44 Iron Casting
44:24 Chain Mail Armor
44:30 Chain Barding Armor
44:05 Bodkin Arrow
44:26 Leather Archer Armor
44:55 Ballistics
44:48 Masonry
44:33 Murder Holes
44:49 Fortified Wall
46:39 Chemistry
45:47 Siege Engineers
47:46 Conscription
47:11 Heavy Camel Rider
54:21 Shatagni
61:01 Two-Man Saw
Pendragon946927
1:25 Wheelbarrow
12:01 Double-Bit Axe
12:50 Horse Collar
13:24 Loom
16:05 Feudal Age
17:02 Hand Cart
16:51 Heavy Plow
17:12 Bow Saw
18:42 Gold Mining
20:23 Gold Shaft Mining
20:11 Stone Mining
20:20 Stone Mining
20:23 Town Watch
22:13 Stone Shaft Mining
22:53 Padded Archer Armor
23:18 Caravan
24:12 Man-at-Arms
25:38 Scale Barding Armor
25:34 Scale Mail Armor
26:47 Fletching
27:08 Forging
27:32 Arson
30:48 Castle Age
32:32 Two-Man Saw
31:36 Town Patrol
31:46 Crossbowman
31:47 Elite Skirmisher
33:12 Crop Rotation
32:06 Long Swordsman
32:19 Pikeman
33:55 Squires
33:44 Cavalier
34:26 Husbandry
34:58 Guilds
38:46 Burgundian Vineyards
41:46 Imperial Age
39:19 Treadmill Crane
40:03 Ballistics
39:40 Murder Holes
39:56 Fortified Wall
40:52 Leather Archer Armor
40:33 Bodkin Arrow
42:21 Chain Mail Armor
42:28 Two-Handed Swordsman
44:03 Bracer
45:15 Champion
48:23 Hoardings
49:52 Plate Mail Armor
49:42 Chain Barding Armor
49:58 Iron Casting
49:33 Siphons
49:22 Guard Tower
52:06 Chemistry
51:50 Paladin
52:42 Halberdier
53:44 Masonry
53:21 Arrowslits
54:21 Flemish Revolution
57:07 Sappers
65:45 Devotion
67:59 Conscription
72:57 Elite Coustillier
75:40 Bombard Tower
75:56 Keep
75:52 Architecture
Lord Erves
0:39 Loom
15:51 Feudal Age
16:20 Double-Bit Axe
18:40 Horse Collar
19:56 Wheelbarrow
25:54 Castle Age
23:46 Gold Mining
23:53 Stone Mining
27:18 Bow Saw
27:47 Stone Shaft Mining
27:17 Heavy Plow
27:38 Hand Cart
31:28 Elite Skirmisher
32:25 Forging
32:16 Scale Mail Armor
32:21 Scale Barding Armor
32:07 Fletching
32:17 Padded Archer Armor
34:02 Town Watch
35:20 Town Patrol
37:04 Iron Casting
36:46 Chain Mail Armor
37:32 Heated Shot
40:50 Ballistics
44:08 Imperial Age
43:25 Fortified Wall
43:26 Masonry
43:27 Bodkin Arrow
45:53 Chemistry
44:39 Arrowslits
45:59 Blast Furnace
45:31 Plate Mail Armor
45:44 Elite Teutonic Knight
61:18 Leather Archer Armor
82:29 Spies/Treason
Connection lost

Rejoining the realm…

Still unreachable

The connection could not be restored.

Session expired

The server has moved on; the page needs a fresh start.